 Dungeon Crawl Stone Soup version 0.30-a0-335-ge5acde7520 (webtiles) character file.

Game seed: 7110293068248025769

1463 McGhostyFace the Slicer (level 8, -3/60 HPs)
             Began as a Gnoll Wanderer on Oct 31, 2022.
             Slain by a steam dragon (5 damage)
             ... on level 6 of the Dungeon.
             The game lasted 00:10:45 (4986 turns).

McGhostyFace the Slicer (Gnoll Wanderer)            Turns: 4986, Time: 00:10:46

Health: -3/60      AC:  4    Str: 10    XL:     8   Next: 77%
Magic:  20/20      EV: 14    Int: 13    God:
Gold:   259        SH:  5    Dex: 14    Spells: 16/23 levels left

rFire   . . .      SeeInvis +    g - +2 dagger (venom)
rCold   . . .      Faith    .    (no shield)
rNeg    . . .      Spirit   .    d - +0 robe
rPois   .          Reflect  +    b - +0 helmet
rElec   .          Harm     .    (no cloak)
rCorr   .          Rampage  .    (no gloves)
Will    .....                    h - +0 pair of boots
Stlth   ++........               m - amulet of reflection
HPRegen 0.30/turn                v - ring of see invisible
MPRegen 0.17/turn                (no ring)

@: no status effects
A: fangs 1, strong nose, distributed training
a: no special abilities


You were on level 6 of the Dungeon.
You visited 1 branch of the dungeon, and saw 6 of its levels.

You collected 259 gold pieces.

Inventory:

Hand Weapons
 a - a +2 short sword
 g - a +2 dagger of venom (weapon)
 i - a +1 short sword of holy wrath
 y - a +4 short sword
Missiles
 C - 18 poisoned darts (quivered)
Armour
 b - a +0 helmet (worn)
 d - a +0 robe (worn)
 h - a +0 pair of boots (worn)
 D - the +8 chain mail of the Stonemason {rC- Will++}
   (You found it on level 3 of the Dungeon)

   rC:        It makes you vulnerable to cold.
   Will:      It greatly increases your willpower.
Jewellery
 m - an amulet of reflection (around neck)
 v - a ring of see invisible (left hand)
Wands
 q - a wand of mindburst (17)
 x - a wand of iceblast (7)
 F - a wand of paralysis (8)
Scrolls
 c - a scroll of summoning
 e - a scroll of enchant weapon {unknown}
 f - 3 scrolls of immolation {unknown}
 k - 6 scrolls of identify {unknown}
 r - a scroll of teleportation {unknown}
 u - 3 scrolls of enchant armour {unknown}
 w - 4 scrolls of magic mapping {unknown}
 z - 2 scrolls of blinking {unknown}
 A - 2 scrolls of fear {unknown}
 B - 2 scrolls of noise {unknown}
 E - a scroll of brand weapon {unknown}
 G - a scroll of poison {unknown}
Potions
 j - 2 potions of brilliance {unknown}
 l - 4 potions of curing
 n - a potion of resistance {unknown}
 o - a potion of invisibility {unknown}
 p - a potion of ambrosia {unknown}
 s - a potion of magic {unknown}
 t - 2 potions of haste {unknown}
 H - a potion of attraction {unknown}


   Skills:
 + Level 3.7 Fighting
 + Level 11.1 Short Blades
 + Level 3.7 Long Blades
 + Level 3.7 Axes
 + Level 3.7 Maces & Flails
 + Level 3.7 Polearms
 + Level 3.7 Staves
 + Level 3.7 Ranged Weapons
 + Level 3.7 Throwing
 + Level 3.7 Armour
 + Level 6.0 Dodging
 + Level 3.7 Stealth
 + Level 3.7 Shields
 + Level 3.7 Unarmed Combat
 + Level 8.1 Spellcasting
 + Level 3.0 Conjurations
 + Level 3.0 Hexes
 + Level 3.0 Summonings
 + Level 3.0 Necromancy
 + Level 3.0 Translocations
 + Level 3.0 Transmutations
 + Level 3.0 Fire Magic
 + Level 3.0 Ice Magic
 + Level 3.0 Air Magic
 + Level 3.0 Earth Magic
 + Level 3.0 Poison Magic
 + Level 4.1 Invocations
 + Level 3.7 Evocations


You had 16 spell levels left.
You knew the following spells:

 Your Spells              Type           Power      Damage    Failure   Level
a - Necrotise             Necr           52%        1d6       3%          1
b - Frozen Ramparts       Ice            26%        1d4       12%         3
c - Vampiric Draining     Necr           13%        2d6       12%         3

Your spell library contained the following spells:

 Spells                   Type           Power      Damage    Failure   Level
 Freeze                   Ice            52%        1d6       3%          1
 Hailstorm                Conj/Ice       13%        3d5       12%         3


Dungeon Overview and Level Annotations

Branches:
Dungeon (7/15)
 Temple: D:4-7

Altars:
Ashenzari
Kikubaaqudgha


Innate Abilities, Weirdness & Mutations

You have very sharp teeth.
Your uncanny sense of smell can sniff out nearby items.
Your experience applies equally to all skills.


Message History

The orc hits you with a +0 club. The orc hits you with a +0 trident.
The orc wizard closely misses you.
Things that are here:
a +0 dagger; a +0 robe; an orc corpse You barely miss the orc wizard.
The steam dragon breathes steam at you.
The ball of steam hits the orc wizard!
The ball of steam hits you! The orc misses you. The orc barely misses you.
The orc wizard is engulfed in a cloud of scalding steam.
You block the orc wizard's attack.
You hit the orc wizard.
You kill the orc wizard!
You are engulfed in a cloud of scalding steam.
The orc attacks as you move away! The orc closely misses you.
The orc is engulfed in a cloud of scalding steam.
The orc dies!
The orc is engulfed in a cloud of scalding steam.
There is a stone staircase leading down here.
You hit the orc but do no damage.
The orc is almost dead.
The orc hits you with a +0 club.
You hit the orc but do no damage.
The orc is poisoned.
The orc is almost dead.
You hit the orc but do no damage.
The orc looks as sick as possible!
The orc is almost dead.
The steam dragon breathes steam at you.
The ball of steam hits the orc!
The orc dies!
The ball of steam hits you!
You are engulfed in a cloud of scalding steam.
* * * LOW HITPOINT WARNING * * *
You block the steam dragon's attack. The steam dragon closely misses you.
Items here: )) [[ ††.
It was a potion of curing.
You feel better.
You are engulfed in a cloud of scalding steam.
The steam dragon breathes steam at you. The ball of steam hits you!!
* * * LOW HITPOINT WARNING * * *
You block the steam dragon's attack. The steam dragon claws you.
You die...

# ### . ##.##.#
##...#.### .#
#......... #. #@D)#
.. ##§## #. #>#
##.## #§# ##...####
##'## #.......#
##.§§## #..>##.#
##.§...##
##..##.###.......#
##...#.##.........#


You could see a steam dragon (catching breath).

Vanquished Creatures
  Prince Ribbit (D:7)
  2 sky beasts
  An ice beast (D:7)
  A centaur (D:7)
  An ogre (D:4)
  A phantom (D:4)
  2 kobold brigands (D:7)
  A gnoll sergeant (D:7)
  2 necrophages (D:7)
  2 scorpions
  A gnoll bouda (D:4)
  3 orc wizards
  Robin (D:2)
  9 gnolls
  3 adders (D:2)
  A shadow imp (D:7)
  A white imp (D:7)
  3 dart slugs
  5 orcs (D:7)
  8 ball pythons
  9 endoplasms
  5 giant cockroaches
  12 goblins
  9 hobgoblins
  6 quokkas
  5 bats
  4 frilled lizards
  18 kobolds
  5 rats
122 creatures vanquished.

Vanquished Creatures (collateral kills)
  A bat (D:1)
1 creature vanquished.

Vanquished Creatures (others)
  2 orcs (D:6)
2 creatures vanquished.

Grand Total: 125 creatures vanquished

Notes
Turn   | Place    | Note
-------+----------+-------------------------------------------
     0 | D:1      | Reached skill level 10 in Short Blades
     0 | D:1      | McGhostyFace the Gnoll Wanderer began the quest for the
                  | Orb.
     0 | D:1      | McGhostyFace set off with the following items: a +2 short
                  | sword, a +0 helmet, a scroll of summoning, a +0 robe; and
                  | the following spell memorised: Necrotise; and the following
                  | spells available to memorise: Vampiric Draining.
     0 | D:1      | Reached XP level 1. HP: 13/13 MP: 8/8
    48 | D:1      | Reached XP level 2. HP: 19/19 MP: 0/10
   394 | D:1      | Reached XP level 3. HP: 18/25 MP: 11/11
   454 | D:1      | Reached skill level 1 in Invocations
   643 | D:1      | Reached skill level 1 in Fighting
   643 | D:1      | Reached skill level 1 in Long Blades
   643 | D:1      | Reached skill level 1 in Axes
   643 | D:1      | Reached skill level 1 in Maces & Flails
   643 | D:1      | Reached skill level 1 in Polearms
   643 | D:1      | Reached skill level 1 in Staves
   643 | D:1      | Reached skill level 1 in Ranged Weapons
   643 | D:1      | Reached skill level 1 in Throwing
   643 | D:1      | Reached skill level 1 in Armour
   643 | D:1      | Reached skill level 1 in Stealth
   643 | D:1      | Reached skill level 1 in Shields
   643 | D:1      | Reached skill level 1 in Unarmed Combat
   643 | D:1      | Reached skill level 1 in Evocations
   846 | D:2      | Reached XP level 4. HP: 32/32 MP: 13/13
   921 | D:2      | Reached skill level 1 in Conjurations
   921 | D:2      | Reached skill level 1 in Hexes
   921 | D:2      | Reached skill level 1 in Summonings
   921 | D:2      | Reached skill level 1 in Necromancy
   921 | D:2      | Reached skill level 1 in Translocations
   921 | D:2      | Reached skill level 1 in Transmutations
   921 | D:2      | Reached skill level 1 in Fire Magic
   921 | D:2      | Reached skill level 1 in Ice Magic
   921 | D:2      | Reached skill level 1 in Air Magic
   921 | D:2      | Reached skill level 1 in Earth Magic
   921 | D:2      | Reached skill level 1 in Poison Magic
  1086 | D:2      | Noticed Robin
  1101 | D:2      | Killed Robin
  1102 | D:2      | Reached XP level 5. HP: 21/37 MP: 14/14
  1302 | D:2      | Found an ancient bone altar of Kikubaaqudgha.
  1718 | D:3      | Found an ancient bone altar of Kikubaaqudgha.
  1861 | D:3      | Found a broken altar of Ashenzari.
  2042 | D:3      | Identified the +8 chain mail of the Stonemason {rC- Will++}
  2646 | D:4      | Reached skill level 5 in Dodging
  2646 | D:4      | Reached XP level 6. HP: 44/44 MP: 16/16
  3128 | D:4      | Reached XP level 7. HP: 51/51 MP: 18/18
  3296 | D:4      | You fall into a shaft and drop 3 floors!
  3339 | D:7      | Learned a level 3 spell: Frozen Ramparts
  3343 | D:7      | Learned a level 3 spell: Vampiric Draining
  3936 | D:7      | Reached XP level 8. HP: 39/58 MP: 19/19
  4389 | D:7      | Identified the +1 scale mail "Paryju" {Slay+2}
  4557 | D:7      | Noticed Prince Ribbit
  4576 | D:7      | Reached skill level 11 in Short Blades
  4604 | D:7      | Killed Prince Ribbit
  4985 | D:6      | HP: 1/60 [steam dragon/ball of steam (21)]
  4986 | D:6      | Slain by a steam dragon

Illustrated notes

Levels and vault maps discovered:
D:1:      dpeg_arrival_rhombus, layout_loops_ring
D:2:      layout_rooms, basic_altar, uniq_robin
D:3:      layout_basic, mainiacjoe_overflow_paths, mainiacjoe_overflow_alcove_1,
          serial_bayou_lagoon_b
D:4:      layout_loops_corners, minmay_temple_entry_overgrown
D:6:      cheibrodos_thug_alley, layout_loops_corners, nicolae_eternal_life,
          hangedman_decor_points, nzn_random_ring
D:7:      layout_basic, uniq_prince_ribbit1

Skill      XL: |  1  2  3  4  5  6  7  8 |
---------------+-------------------------+-----
Short Blades   | 11 | 11.1
Invocations    | 1 2 3 4 |  4.1
Fighting       | 1 2 3 |  3.7
Long Blades    | 1 2 3 |  3.7
Axes           | 1 2 3 |  3.7
Maces & Flails | 1 2 3 |  3.7
Polearms       | 1 2 3 |  3.7
Staves         | 1 2 3 |  3.7
Ranged Weapons | 1 2 3 |  3.7
Throwing       | 1 2 3 |  3.7
Armour         | 1 2 3 |  3.7
Stealth        | 1 2 3 |  3.7
Shields        | 1 2 3 |  3.7
Unarmed Combat | 1 2 3 |  3.7
Evocations     | 1 2 3 |  3.7
Conjurations   | 1 2 3 |  3.0
Hexes          | 1 2 3 |  3.0
Summonings     | 1 2 3 |  3.0
Necromancy     | 1 2 3 |  3.0
Translocations | 1 2 3 |  3.0
Transmutations | 1 2 3 |  3.0
Fire Magic     | 1 2 3 |  3.0
Ice Magic      | 1 2 3 |  3.0
Air Magic      | 1 2 3 |  3.0
Earth Magic    | 1 2 3 |  3.0
Poison Magic   | 1 2 3 |  3.0
Dodging        | 5 6 |  6.0
Spellcasting   | 8 |  8.1

Action                   |  1- 3 |  4- 6 |  7- 9 || total
-------------------------+-------+-------+-------++-------
Melee: Short sword       |    29 |     9 |    25 ||    63
       Bite              |     2 |    18 |    19 ||    39
       Dagger            |    51 |   144 |   145 ||   340
       Punch             |     1 |       |     3 ||     4
Throw: Dart              |       |    11 |    10 ||    21
 Cast: Necrotise         |    17 |     3 |       ||    20
       Frozen Ramparts   |       |       |     1 ||     1
       Vampiric Draining |       |       |     2 ||     2
Evoke: Wand              |       |     5 |     3 ||     8
  Use: Potion            |       |       |     1 ||     1
 Stab: Sleeping          |     3 |     6 |     1 ||    10
Armor: Robe              |    21 |    22 |     9 ||    52
Dodge: Dodged            |    51 |    45 |    50 ||   146
Block: Other             |       |     8 |    32 ||    40
       Reflection        |       |       |     2 ||     2

Table legend: (Time is in decaauts)
 A = Elapsed time spent in this place.
 B = Non-inter-level travel time spent in this place.
 C = Inter-level travel time spent in this place.
 D = Time resting spent in this place.
 E = Time spent auto-exploring this place.
 F = Levels seen in this place.
 G = Mean time per level.
                   A        B        C        D        E       F      G
               +--------+--------+--------+--------+--------+-----+--------+
         Total |   4798 |   4544 |    254 |    955 |   2767 |   6 |  799.7 |
       Dungeon |   4798 |   4544 |    254 |    955 |   2767 |   6 |  799.7 |
               +--------+--------+--------+--------+--------+-----+--------+

Top non-repeatable levels by time:
     D:7: 1551 daAuts
     D:3: 1173 daAuts
     D:1: 799 daAuts
     D:4: 657 daAuts
     D:2: 564 daAuts
     D:6: 51 daAuts
